 Dungeon Crawl Stone Soup version 0.31.0-2-g5a2aebc5c2 (console) character file.

Game seed: 17360530420169371029

1189 jejorda2 the Ruffian (level 8, -3/66 HPs)
             Began as a White Draconian Berserker on Jan 20, 2024.
             Was a Believer of Trog.
             Killed from afar by a steam dragon (15 damage)
             ... with a ball of steam
             ... on level 7 of the Dungeon.
             The game lasted 00:10:24 (3699 turns).

jejorda2 the Ruffian (White Draconian Berserker)    Turns: 3699, Time: 00:10:26

Health: -3/66      AC:  7    Str: 21    XL:     8   Next: 19%
Magic:  8/8        EV: 12    Int:  7    God:    Trog [**....]
Gold:   99         SH:  0    Dex: 12    Spells: 7/7 levels left

rFire   . .          .
                       - Unarmed
rCold   + . .        (no shield)
rNeg    . . .        (body armour unavailable)
rPois   .            (helmet restricted)
rElec   .            (no cloak)
rCorr   .            a - +0 pair of gloves
SInv    .            (no boots)
Will    ++...        o - amulet of the acrobat
Stlth   +            (no ring)
HPRegen 1.31/turn    (no ring)
MPRegen 0.11/turn

%: acrobat
@: short of breath, strong-willed, regenerating
A: breathe frost, AC +6, unfitting armour, cold resistance 1, cold-blooded
a: Breathe Frost, Renounce Religion, Berserk, Trog's Hand


You were on level 7 of the Dungeon.
You worshipped Trog.
Trog was pleased with you.
You visited 1 branch of the dungeon, and saw 5 of its levels.

You collected 144 gold pieces.
You spent 45 gold pieces at shops.

Inventory:

Hand Weapons
 h - a +4 dagger
 q - a +0 morningstar of protection
Missiles
 e - 10 poisoned darts
 u - 4 boomerangs
Armour
 a - a +0 pair of gloves (worn)
Jewellery
 o - an amulet of the acrobat (around neck)
Scrolls
 d - 4 scrolls of enchant armour {unknown}
 f - 2 scrolls of fog {unknown}
 g - 7 scrolls of identify {unknown}
 k - a scroll of torment {unknown}
 p - 2 scrolls of teleportation {unknown}
 t - a scroll of poison {unknown}
Potions
 b - a potion of enlightenment {unknown}
 c - 3 potions of curing
 i - a potion of haste {unknown}
 j - a potion of attraction {unknown}
 l - 2 potions of brilliance {unknown}
 m - a potion of might {unknown}
 n - a potion of degeneration {unknown}
 r - a potion of mutation {unknown}
 s - 2 potions of lignification {unknown}


   Skills:
 + Level 3.6 Fighting
 - Level 2.6 Dodging
 + Level 7.4 Unarmed Combat
 * Level 6.2 Shapeshifting


You had 7 spell levels left.
You didn't know any spells.
Your spell library was empty.

Dungeon Overview and Level Annotations

Branches:
Dungeon (7/15)             Temple (0/1) D:7

Altars:
Dithmenos
Uskayaw

Shops:
D:7 **![


Innate Abilities, Weirdness & Mutations

You can breathe waves of freezing cold which knock back foes.
Your icy white scales are hard. (AC +6)
You cannot fit into any form of body armour.
Your flesh is cold resistant. (rC+)
You are cold-blooded and may be slowed by cold attacks.


Message History

There is an open translucent door here.
Something hits you!
Deactivating autopickup; reactivate with Ctrl-A.
Something hits you but does no damage. x2
You see here 9 gold pieces.
You now have 99 gold pieces (gained 9).
Something hits you. Something hits you but does no damage.
You punch something! Something hits you!
You swing at nothing.
You hit something. Something hits you but does no damage.
You swing at nothing.
Something hits you but does no damage. Something hits you.
You miss something.
Something hits you but does no damage. x2
You closely miss something. Something hits you. x2
You closely miss something.
Your tail-slap misses something.
Your punch misses something. Something hits you but does no damage.
You swing at nothing.
Something hits you!
You swing at nothing.
You swing at nothing.
Something hits you but does no damage. Something hits you!
You completely miss something.
Your tail-slap misses something.
Something hits you but does no damage. Something hits you.
* * * LOW HITPOINT WARNING * * *
Aiming: Breathe Frost (4% risk of failure)
Press: ? - help, Shift-Dir - straight line You exhale a wave of freezing cold.
You hear an angry hiss.
Something hits you.
* * * LOW HITPOINT WARNING * * *
Something hits you.
* * * LOW HITPOINT WARNING * * *
A steam dragon comes into view.
Your skin crawls.
You feel strong-willed. Something hits you but does no damage.
Something hits you.
* * * LOW HITPOINT WARNING * * *
The steam dragon breathes steam at you.
The ball of steam hits something!
The ball of steam hits you!
You die...

#.# #.#.## #.# #..... #.# ###.##
################.# ######.^..
#................######....##
#.#################.'∩##.#.##
####.......##...#......####<....
#.....####.. #...#####.########
#.##.## #@### ##......... #...>#
#{## #..######.# ####.# #.§#
#.## ##... #.# ##D# #.#####..##
#.# .# #+#...#'# # #.# .#
###.......### #.# '#
#...........# #.#
###...##.........## #.# #
#......'.........'[


You could see a steam dragon (catching breath).

Vanquished Creatures
  Menkaure (D:7)
  Duvessa (D:7)
  2 ice beasts (D:7)
  An ogre (D:7)
  A scorpion (D:3)
  Dowan (D:7)
  A bombardier beetle (D:3)
  A howler monkey (D:7)
  5 orc priests
  2 jellies
  A sleepcap (D:4)
  8 orc wizards
  An adder (D:3)
  3 shadow imps (D:7)
  A white imp (D:7)
  2 dart slugs
  2 ribbon worms
  17 orcs
  5 bats
  3 endoplasms
  A giant cockroach (D:3)
  7 hobgoblins
  2 jackals (D:3)
  5 kobolds
  5 quokkas
  3 ball pythons (D:2)
  4 frilled lizards
  8 goblins
  2 rats (D:1)
96 creatures vanquished.

Notes
Turn   | Place    | Note
-------+----------+-------------------------------------------
     0 | D:1      | jejorda2 the Draconian Berserker began the quest for the
                  | Orb.
     0 | D:1      | Reached XP level 1. HP: 19/19 MP: 1/1
   341 | D:1      | Reached skill level 1 in Shapeshifting
   341 | D:1      | Reached XP level 2. HP: 26/26 MP: 2/2
   998 | D:2      | Reached XP level 3. HP: 20/31 MP: 3/3
   998 | D:2      | Reached ** piety under Trog
  1056 | D:2      | Found a hide-covered altar of Uskayaw.
  1545 | D:2      | Found a faded altar of an unknown god.
  1642 | D:3      | Reached skill level 4 in Unarmed Combat
  1719 | D:3      | Reached XP level 4. HP: 38/38 MP: 4/4
  1732 | D:3      | Found a shadowy altar of Dithmenos.
  2270 | D:3      | Noticed a scorpion
  2278 | D:3      | Killed a scorpion
  2279 | D:3      | Reached XP level 5. HP: 45/45 MP: 5/5
  2448 | D:4      | Reached skill level 5 in Unarmed Combat
  2482 | D:4      | Reached XP level 6. HP: 51/51 MP: 6/6
  2589 | D:4      | You fall into a shaft and drop 3 floors!
  2825 | D:7      | Noticed Menkaure
  2831 | D:7      | Killed Menkaure
  2832 | D:7      | Reached skill level 6 in Unarmed Combat
  2832 | D:7      | Your scales start taking on an icy white colour.
  2832 | D:7      | Reached XP level 7. HP: 57/57 MP: 7/7
  2832 | D:7      | Gained mutation: Your flesh is cold resistant. (rC+) [White
                  | Draconian growth]
  2872 | D:7      | Found Ivvesk's Armour Boutique.
  2952 | D:7      | Reached skill level 5 in Shapeshifting
  3058 | D:7      | Noticed Duvessa
  3075 | D:7      | Noticed Dowan
  3086 | D:7      | Killed Duvessa
  3096 | D:7      | Killed Dowan
  3213 | D:7      | Reached skill level 7 in Unarmed Combat
  3269 | D:7      | Reached XP level 8. HP: 55/63 MP: 8/8
  3323 | D:7      | Found Gatu's Distillery.
  3382 | D:7      | Bought a potion of curing for 45 gold pieces
  3486 | D:7      | Found Puduwk's Assorted Antiques.
  3557 | D:7      | Found Vururi's Assorted Antiques.
  3564 | D:7      | Found a staircase to the Ecumenical Temple.
  3699 | D:7      | Killed from afar by a steam dragon

Illustrated notes

Levels and vault maps discovered:
D:1:      saegor_arrival_miasma, layout_loops_corners, kennysheep_pointless_box
D:2:      layout_loops_cross, hellmonk_ecumenical_altar_prayer_group,
          basic_altar, hangedman_decor_growths, grunt_decor_junction,
          kennysheep_doodads, minmay_fractal_squares_gapless_5
D:3:      layout_basic, nicolae_dithmenos_shadow_blocks
D:4:      layout_rooms, minmay_misc_feat_square
D:7:      nicolae_cairo_tiling_very_big, layout_basic,
          minmay_temple_entry_proselytizer, serial_shops, shop,
          nicolae_shop_tiny_glass, shop, shop,
          nicolae_concentric_dashed_squares_wild, uniq_menkaure, uniq_duvessa

Skill      XL: |  1  2  3  4  5  6  7  8 |
---------------+-------------------------+-----
Shapeshifting  | 1 2 3 4 5 6 |  6.2
Unarmed Combat | 4 5 6 7 |  7.4
Fighting       | |  3.6
Dodging        | |  2.6

Action                     |  1- 3 |  4- 6 |  7- 9 || total
---------------------------+-------+-------+-------++-------
  Melee: Unarmed           |   128 |   132 |    90 ||   350
         Tailslap          |    17 |    18 |    10 ||    45
         Punch             |     4 |     2 |     1 ||     7
  Throw: Dart              |       |       |     4 ||     4
 Invoke: Berserk           |     1 |     4 |     3 ||     8
         Trog's Hand       |     1 |     1 |     4 ||     6
Ability: Breathe Frost     |       |       |     5 ||     5
   Stab: Distracted        |     1 |       |       ||     1
 Armour: Skin              |    59 |    80 |    86 ||   225
  Dodge: Dodged            |    65 |    71 |    65 ||   201
